 Dungeon Crawl Stone Soup version 0.29-a0-582-ge82337ba6a (webtiles) character file.

Game seed: 6931219268678919564

61 vulpzor the Sneak (level 4, -4/34 HPs)
             Began as a Gnoll Wanderer on June 15, 2022.
             Was a Follower of Hepliaklqana.
             Slain by a goblin
             ... wielding a +0 club
             ... led by Robin
              (5 damage)
             ... on level 2 of the Dungeon.
             The game lasted 00:04:23 (1198 turns).

vulpzor the Sneak (Gnoll Wanderer)                  Turns: 1198, Time: 00:04:24

Health: -4/34      AC:  4    Str: 11    XL:     4   Next: 7%
Magic:  5/5        EV: 11    Int:  9    God:    Hepliaklqana [*.....]
Gold:   21         SH:  0    Dex: 16    Spells: 5/5 levels left

rFire   . . .      SeeInvis .   a - +0 quarterstaff (vorpal)
rCold   . . .      Faith    .   (shield currently unavailable)
rNeg    . . .      Spirit   .   e - +0 leather armour
rPois   .          Reflect  .   (no helmet)
rElec   .          Harm     .   (no cloak)
rCorr   .          Rampage  .   c - +0 pair of gloves
Will    .....                   (no boots)
Stlth   +++.......              (no amulet)
HPRegen 0.11/turn               (no ring)
MPRegen 0.09/turn               (no ring)

@: no status effects
A: reduced essence, fangs 1, strong nose, distributed training
a: Renounce Religion, Recall Ancestor, Ancestor Identity


You were on level 2 of the Dungeon.
You worshipped Hepliaklqana.
Hepliaklqana was aware of your devotion.
You visited 1 branch of the dungeon, and saw 2 of its levels.

You collected 21 gold pieces.

Inventory:

Hand Weapons
 a - a +0 vorpal quarterstaff (weapon)
 b - a +0 shortbow
Missiles
 g - 28 stones (quivered)
Armour
 c - a +0 pair of gloves (worn)
 e - a +0 leather armour (worn)
 j - a +0 pair of gloves
Scrolls
 h - a scroll of immolation
 i - a scroll of amnesia {unknown}
Potions
 d - 2 potions of attraction
 f - a potion of magic {unknown}
 k - a potion of resistance {unknown}


   Skills:
 + Level 4.6 Fighting
 + Level 1.0 Short Blades
 + Level 1.0 Long Blades
 + Level 1.0 Axes
 + Level 1.0 Maces & Flails
 + Level 1.0 Polearms
 + Level 4.6 Staves
 + Level 1.0 Slings
 + Level 4.6 Bows
 + Level 1.0 Crossbows
 + Level 1.0 Throwing
 + Level 2.7 Armour
 + Level 1.0 Dodging
 + Level 6.0 Stealth
 + Level 1.0 Shields
 + Level 1.0 Unarmed Combat
 + Level 1.0 Spellcasting
 + Level 0.7 Conjurations
 + Level 0.7 Hexes
 + Level 0.7 Summonings
 + Level 0.7 Necromancy
 + Level 0.7 Translocations
 + Level 0.7 Transmutations
 + Level 0.7 Fire Magic
 + Level 0.7 Ice Magic
 + Level 0.7 Air Magic
 + Level 0.7 Earth Magic
 + Level 0.7 Poison Magic
 + Level 1.1 Invocations
 + Level 1.0 Evocations


You had 5 spell levels left.
You didn't know any spells.
Your spell library was empty.

Dungeon Overview and Level Annotations

Branches:
Dungeon (2/15)

Altars:
Hepliaklqana

Annotations:
D:2 Robin


Innate Abilities, Weirdness & Mutations

Your life essence is reduced to manifest your ancestor. (-10% HP)
You have very sharp teeth.
Your uncanny sense of smell can sniff out nearby items.
Your experience applies equally to all skills.


Message History

The goblin unwields a +0 hunting sling.
The goblin wields a +0 club.
The goblin barely misses you.
A sling bullet appears from out of your range of vision.
The sling bullet hits Khalidah but does no damage.
You hit the goblin. You bite the goblin, but do no damage.
The goblin is severely wounded.
A sling bullet appears from out of your range of vision.
The sling bullet hits Khalidah.
The goblin hits you with a +0 club.
* * * LOW HITPOINT WARNING * * *
You closely miss the goblin.
The goblin is severely wounded.
The goblin misses you.
You sock the goblin!
You kill the goblin!
A goblin comes into view. It is wielding a +0 club.
The goblin shoots a sling bullet.
The sling bullet barely misses you.
The goblin shouts!
Things that are here:
a +0 club; a +0 hunting sling Khalidah hits the hobgoblin.
The hobgoblin barely misses Khalidah.
You thump the goblin!
You kill the goblin!
Khalidah hits the hobgoblin but does no damage.
The hobgoblin closely misses Khalidah.
Robin of the Strong Arm comes into view.
They are wielding a +0 dagger.
Khalidah closely misses the hobgoblin.
The hobgoblin closely misses Khalidah.
Things that are here:
a +0 hunting sling; a +0 club Khalidah hits the hobgoblin.
A goblin comes into view. It is wielding a +0 club.
The hobgoblin misses Khalidah.
Khalidah misses the hobgoblin.
The hobgoblin barely misses Khalidah.
Robin roars a battlecry!
The hobgoblin goes into a battle-frenzy!
Khalidah hits the hobgoblin.
The hobgoblin dies!
Robin throws the goblin at you!
* * * LOW HITPOINT WARNING * * *
The goblin hits you with a +0 club.
You die...

...........#
..........#
#.......†########..
###...#..............
#.............)†#
##.#.###g###†#####.#
#......)...))#####.####
.g.#g##Rg.#####.......#
#...@...# #.......#
####....# ##.......#
##...# #........# ###.#
#........# .#
#........# .#
#........# .#
#.##....## # #.##.##.#
#.###.......#


You could see the friendly Khalidah the ancestor, Robin and 2 goblins.

Vanquished Creatures
  A gnoll (D:1)
  A dart slug (D:1)
  4 endoplasms
  A giant cockroach (D:1)
  5 goblins
  2 hobgoblins
  7 jackals
  3 ball pythons
  3 frilled lizards (D:1)
  2 kobolds (D:1)
  2 rats (D:1)
31 creatures vanquished.

Vanquished Creatures (collateral kills)
  An adder (D:2)
  2 goblins (D:2)
  A hobgoblin (D:2)
  A bat (D:1)
5 creatures vanquished.

Grand Total: 36 creatures vanquished

Notes
Turn   | Place    | Note
-------+----------+-------------------------------------------
     0 | D:1      | vulpzor the Gnoll Wanderer began the quest for the Orb.
     0 | D:1      | vulpzor set off with the following items: a +0 vorpal
                  | quarterstaff, a +0 shortbow, a +0 pair of gloves, a potion
                  | of attraction, a +0 leather armour
     0 | D:1      | Reached XP level 1. HP: 20/20 MP: 1/1
   163 | D:1      | Found a faded altar of an unknown god.
   201 | D:1      | Reached XP level 2. HP: 15/26 MP: 2/2
   207 | D:1      | Prayed at the altar of an unknown god.
   207 | D:1      | Became a worshipper of Hepliaklqana the Forgotten
   207 | D:1      | Reached * piety under Hepliaklqana
   507 | D:1      | Reached XP level 3. HP: 15/27 MP: 3/3
   679 | D:1      | Reached skill level 6 in Stealth
   911 | D:2      | Reached skill level 1 in Invocations
  1164 | D:2      | Reached skill level 1 in Short Blades
  1164 | D:2      | Reached skill level 1 in Long Blades
  1164 | D:2      | Reached skill level 1 in Axes
  1164 | D:2      | Reached skill level 1 in Maces & Flails
  1164 | D:2      | Reached skill level 1 in Polearms
  1164 | D:2      | Reached skill level 1 in Slings
  1164 | D:2      | Reached skill level 1 in Crossbows
  1164 | D:2      | Reached skill level 1 in Throwing
  1164 | D:2      | Reached skill level 1 in Dodging
  1164 | D:2      | Reached skill level 1 in Shields
  1164 | D:2      | Reached skill level 1 in Unarmed Combat
  1164 | D:2      | Reached skill level 1 in Spellcasting
  1164 | D:2      | Reached skill level 1 in Evocations
  1184 | D:2      | Reached XP level 4. HP: 4/34 MP: 5/5
  1193 | D:2      | Noticed Robin
  1197 | D:2      | HP: 1/34 [Robin/goblin (3)]
  1198 | D:2      | Slain by a goblin

Illustrated notes

Levels and vault maps discovered:
D:1:      minmay_arrival_three_doors, layout_rooms,
          hellmonk_ecumenical_altar_blasted, grunt_decor_junction
D:2:      layout_loops_ring, minmay_distorted, uniq_robin

Skill      XL: |  1  2  3 |
---------------+----------+-----
Stealth        | 6 |  6.0
Invocations    | 1 |  1.1
Short Blades   | 1 |  1.0
Long Blades    | 1 |  1.0
Axes           | 1 |  1.0
Maces & Flails | 1 |  1.0
Polearms       | 1 |  1.0
Slings         | 1 |  1.0
Crossbows      | 1 |  1.0
Throwing       | 1 |  1.0
Dodging        | 1 |  1.0
Shields        | 1 |  1.0
Unarmed Combat | 1 |  1.0
Spellcasting   | 1 |  1.0
Evocations     | 1 |  1.0
Fighting       | |  4.6
Staves         | |  4.6
Bows           | |  4.6
Armour         | |  2.7
Conjurations   | |  0.7
Hexes          | |  0.7
Summonings     | |  0.7
Necromancy     | |  0.7
Translocations | |  0.7
Transmutations | |  0.7
Fire Magic     | |  0.7
Ice Magic      | |  0.7
Air Magic      | |  0.7
Earth Magic    | |  0.7
Poison Magic   | |  0.7

Action                   |  1- 3 |  4- 6 || total
-------------------------+-------+-------++-------
Melee: Quarterstaff      |    55 |     4 ||    59
       Bite              |     2 |     1 ||     3
 Fire: Shortbow          |     8 |       ||     8
 Stab: Sleeping          |     8 |       ||     8
Armor: Leather armour    |    17 |       ||    17
Dodge: Dodged            |    37 |     5 ||    42

Table legend: (Time is in decaauts)
 A = Elapsed time spent in this place.
 B = Non-inter-level travel time spent in this place.
 C = Inter-level travel time spent in this place.
 D = Time resting spent in this place.
 E = Time spent auto-exploring this place.
 F = Levels seen in this place.
 G = Mean time per level.
                   A        B        C        D        E       F      G
               +--------+--------+--------+--------+--------+-----+--------+
         Total |   1203 |   1200 |      3 |      0 |    924 |   2 |  601.5 |
       Dungeon |   1203 |   1200 |      3 |      0 |    924 |   2 |  601.5 |
               +--------+--------+--------+--------+--------+-----+--------+

Top non-repeatable levels by time:
     D:1: 901 daAuts
     D:2: 302 daAuts
